 Dungeon Crawl Stone Soup version 0.32-a0-900-g30fb1b0edc (webtiles) character file.

Game seed: 3212712278834690637

91 runemasterragnar the Shooter (level 4, -1/34 HPs)
             Began as a Coglin Hunter on Apr 5, 2024.
             Killed from afar by an orc wizard (11 damage)
             ... with a puff of flame
             ... on level 3 of the Dungeon.
             The game lasted 00:01:13 (1149 turns).

runemasterragnar the Shooter (Coglin Hunter)        Turns: 1149, Time: 00:01:14

Health: -1/34      AC:  4    Str: 12    XL:     4   Next: 57%
Magic:  4/4        EV: 11    Int:  8    God:
Gold:   176        SH:  0    Dex: 19    Spells: 3/3 levels left

rFire   . . .        a - +2 sling {Manveen}
rCold   . . .        d - +0 sling {Yuxuan}
rNeg    . . .        c - +0 leather armour
rPois   .            i - +0 helmet
rElec   .            (no cloak)
rCorr   .            (no gloves)
SInv    .            (no boots)
Will    +....        (amulet unavailable)
Stlth   ++           (ring unavailable)
HPRegen 0.25/turn    (ring unavailable)
MPRegen 0.09/turn    (no gizmo)

%: no passive effects
@: enlightened, flying, revved
A: off-hand wielding, slow wielding, warmup strikes, no jewellery
a: Invent Gizmo


You were on level 3 of the Dungeon.
You visited 1 branch of the dungeon, and saw 3 of its levels.

You collected 176 gold pieces.

Inventory:

Hand Weapons
 a - a +2 sling (weapon) {Manveen}
 d - a +0 sling (offhand) {Yuxuan}
 h - the +11 whip of Fedhas's Envy {heavy, *Rage Will++ Int+6}
   (You found it on level 2 of the Dungeon)

   Int+6:     It affects your intelligence (+6).
   Will++:    It greatly increases your willpower.
   *Rage:     It berserks you when you make melee attacks (+20% chance).
Armour
 c - a +0 leather armour (worn)
 i - a +0 helmet (worn)
Scrolls
 b - a scroll of butterflies
 e - a scroll of fog {unknown}
 g - 2 scrolls of immolation {unknown}
 j - a scroll of teleportation {unknown}
 k - a scroll of revelation {unknown}
 l - a scroll of fear {unknown}
Potions
 m - 2 potions of might {unknown}
 n - a potion of mutation {unknown}


   Skills:
 + Level 2.7 Fighting
 * Level 4.4 Ranged Weapons
 + Level 2.4 Dodging
 + Level 1.7 Stealth


You had 3 spell levels left.
You didn't know any spells.
Your spell library was empty.

Dungeon Overview and Level Annotations

Branches:
Dungeon (3/15)

Altars:


Innate Abilities, Weirdness & Mutations

You can wield a second weapon in your off-hand.
It takes a long time for you to wield or remove held weapons.
Your first few attacks do less damage.
You cannot equip rings or amulets.


Message History

The sling bullet closely misses the orc.
The sling bullet hits the orc.
The orc is almost dead.
The orc completely misses you.
You shoot a sling bullet. The sling bullet hits the orc.
The orc is severely wounded.
You shoot a sling bullet. The sling bullet hits the orc.
You kill the orc!
The orc wizard mumbles some strange words.
The orc wizard flickers and vanishes!
Deactivating autopickup; reactivate with Ctrl-A.
The orc hits you with a +4 mace!
You shoot a sling bullet. The sling bullet hits the orc.
You kill the orc!
You shoot a sling bullet. The sling bullet hits the orc.
The orc is heavily wounded.
Items here: )) [[ ††.
Unknown command.
You shoot a sling bullet. x2
The sling bullet closely misses the orc. x2
Something hits you.
You shoot a sling bullet. The sling bullet hits the orc.
You kill the orc!
You shoot a sling bullet. Something hits you.
You hear some strange, mumbled words.
A puff of flame appears from out of thin air!
The puff of flame hits you!
* * * LOW HITPOINT WARNING * * *
You shoot a sling bullet. The sling bullet hits the orc.
The orc is severely wounded.
You shoot a sling bullet. The sling bullet hits the orc.
You kill the orc!
Something barely misses you.
It was a potion of enlightenment.
You feel very buoyant.
You fly up into the air.
You hear some strange, mumbled words.
A puff of flame appears from out of thin air!
The puff of flame hits you!
You die...

#####
#.#########<..#
#....@{)......#
##########....#
#....# #....#
#o.o.# #......
#####...####
#..........#
#..[..!....#


There were no monsters in sight!

Vanquished Creatures
  3 adders (D:2)
  4 dart slugs
  4 orcs (D:3)
  2 bats
  4 endoplasms
  A giant cockroach (D:1)
  3 goblins
  6 hobgoblins
  4 jackals (D:1)
  5 kobolds
  3 quokkas (D:1)
  A ball python (D:2)
  3 frilled lizards
  4 rats
47 creatures vanquished.

Notes
Turn   | Place    | Note
-------+----------+-------------------------------------------
     0 | D:1      | runemasterragnar the Coglin Hunter began the quest for the
                  | Orb.
     0 | D:1      | Reached XP level 1. HP: 16/16 MP: 1/1
    86 | D:1      | Reached skill level 1 in Stealth
    87 | D:1      | Reached XP level 2. HP: 20/22 MP: 2/2
   299 | D:1      | Reached skill level 4 in Ranged Weapons
   299 | D:1      | Reached XP level 3. HP: 27/27 MP: 3/3
   648 | D:2      | Identified the +11 whip of Fedhas's Envy {heavy, *Rage
                  | Will++ Int+6}
   848 | D:2      | Reached XP level 4. HP: 34/34 MP: 4/4
  1149 | D:3      | Killed from afar by an orc wizard

Illustrated notes

Levels and vault maps discovered:
D:1:      dpeg_arrival_short_road, layout_basic
D:2:      layout_rooms, hangedman_abyss_or_decor_stabs
D:3:      layout_basic

Skill      XL: |  1  2 |
---------------+-------+-----
Stealth        | 1 |  1.7
Dodging        | 2 |  2.4
Ranged Weapons | 4 |  4.4
Fighting       | |  2.7

Action                     |  1- 3 |  4- 6 || total
---------------------------+-------+-------++-------
   Fire: Sling             |   170 |    50 ||   220
    Use: Potion            |       |     1 ||     1
 Armour: Leather armour    |     5 |     8 ||    13
  Dodge: Dodged            |     8 |     4 ||    12

Table legend: (Time is in decaauts)
 A = Elapsed time spent in this place.
 B = Non-inter-level travel time spent in this place.
 C = Inter-level travel time spent in this place.
 D = Time resting spent in this place.
 E = Time spent auto-exploring this place.
 F = Levels seen in this place.
 G = Mean time per level.
                   A        B        C        D        E       F      G
               +--------+--------+--------+--------+--------+-----+--------+
         Total |   1175 |   1099 |     76 |      0 |    866 |   3 |  391.7 |
       Dungeon |   1175 |   1099 |     76 |      0 |    866 |   3 |  391.7 |
               +--------+--------+--------+--------+--------+-----+--------+

Top non-repeatable levels by time:
     D:1: 656 daAuts
     D:2: 488 daAuts
     D:3: 30 daAuts
